 Dungeon Sprint DCSS version 0.26-a0-1079-g3a4175ecf3 (webtiles) character file.

Game seed: 13687185707035795556

563 Adamkad1 the Blocker (level 7, -15/59 HPs)
             Began as a Formicid Fighter on Dec 14, 2020.
             Was a Follower of Wu Jian.
             Demolished by an earth elemental (22 damage)
             ... in the Dungeon (Sprint V: "Ziggurat Sprint").
             The game lasted 00:01:20 (443 turns).

Adamkad1 the Blocker (Formicid Fighter)              Turns: 443, Time: 00:01:21

Health: -15/59     AC: 20    Str: 35    XL:     7   Next: 58%
Magic:  7/7        EV:  3    Int:  7    God:    Wu Jian [*.....]
Gold:   0          SH: 32    Dex: 10    Spells: 6/6 levels left

rFire    + . .     SeeInvis +   B - +7 Screaming Sword {vorpal, sonic wave}
rCold    + . .     Faith    .   C - +18 shield of the Gong {rElec rN+ Will+ EV-5}
rNeg     + . .     Spirit   .   D - +5 gold dragon scales
rPois    +         Reflect  .   (helmet unavailable)
rElec    +         Harm     .   (no cloak)
rCorr    .         Rampage  .   (no gloves)
Will     +....                  (no boots)
Stlth    ..........             (no amulet)
HPRegen  0.19/turn              w - +6 ring of strength
MPRegen  0.10/turn              x - +6 ring of strength

@: no status effects
A: permanent stasis, dig shafts and tunnels, four strong arms, antennae 3
a: Dig, Renounce Religion


You were in the Dungeon.
You worshipped Wu Jian.
Wu Jian was aware of your devotion.
You visited 1 branch

Inventory:

Hand Weapons
 B - the +7 Screaming Sword (weapon) {vorpal, sonic wave}
   (You found it in the Dungeon)

   It inflicts extra damage upon your enemies.
Armour
 C - the +18 shield of the Gong (worn) {rElec rN+ Will+ EV-5}
   (You found it in the Dungeon)

   It affects your evasion (-5).
   It insulates you from electricity.
   It protects you from negative energy.
   It affects your willpower, your defense against some magical effects.
 D - +5 gold dragon scales (worn)
Jewellery
 r - an uncursed ring of flight
 s - a +6 ring of dexterity
 t - a +6 ring of dexterity
 u - a +6 ring of intelligence
 v - a +6 ring of intelligence
 w - a +6 ring of strength (left hand)
 x - a +6 ring of strength (right hand)
Wands
 y - a wand of disintegration (7)
 z - a wand of iceblast (7)
 A - a wand of acid (7)
Scrolls
 l - 4 scrolls of amnesia
 m - 7 scrolls of fog
 n - a scroll of holy word
 o - 5 scrolls of identify
 p - 5 scrolls of remove curse
 q - 2 scrolls of fear
Potions
 d - 6 potions of might
 e - 10 potions of curing
 f - 10 potions of heal wounds
 g - 7 potions of magic
 h - 2 potions of brilliance
 i - 2 potions of invisibility
 j - 4 potions of resistance
Miscellaneous
 a - a phial of floods


   Skills:
 + Level 6.9 Fighting
 * Level 8.2 Long Blades
 + Level 7.2 Armour
 + Level 4.9 Dodging
 + Level 11.5 Shields


You had 6 spell levels left.
You didn't know any spells.
Your spell library was empty.

Dungeon Overview and Level Annotations

Branches:
Dungeon (1/1)

Altars:
Ashenzari
Cheibriados
Dithmenos
Elyvilon
Fedhas
Gozag
Hepliaklqana
Kikubaaqudgha
Makhleb
Nemelex Xobeh
Okawaru
Qazlal
Ru
Sif Muna
Trog
Uskayaw
Vehumet
Wu Jian
Xom
Yredelemnul
Zin
The Shining One
Beogh
Jiyva
Lugonu

Annotations:
D 1 transporter


Innate Abilities, Weirdness & Mutations

You cannot be hasted, slowed, berserked, paralysed or teleported.
You can dig through walls and to a lower floor.
Your four strong arms can wield two-handed weapons with a shield.
You have a pair of large antennae on your head. (SInv)


Message History

SHROANNG!
The deep elf mage casts a spell.
The air elemental hits you!
* * * LOW HITPOINT WARNING * * *
The redback bites you.
* * * LOW HITPOINT WARNING * * *
The +2 flail of holy wrath hits you but does no damage.
The deep elf mage casts a spell.
You miss the air elemental.
The hell rat disappears in a puff of smoke!
You block the air elemental's attack.
PANG!
You block the air elemental's attack.
GONNNNG!
You block the redback's attack.
BONNNG!
You block the +2 flail of holy wrath's attack.
GONNNNG!
The earth elemental hits you!!
You die...

▓▓▓▓▓▓▓▓▓▓▓▓▓▓▓▓▓▓▓
▓.8©8.▓.8©8.▓.8©8.▓
▓.r:§.▓.||..▓.....▓
▓r.es.▓.....▓.=.).▓
▓.r(@r▓.....▓..)).▓
▓..EE.▓..†..▓.....▓
▓.....▓.....▓..©..▓
▓..©..▓..©..▓▓▓▓▓▓▓
▓▓▓▓▓▓▓▓▓▓▓▓▓ {{{
{{{ { { {


You could see an earth elemental, a deep elf mage, an air elemental, a redback
(summoned), 4 hell rats and a +2 flail of holy wrath.

Vanquished Creatures
  2 merfolk (D)
  A hell hound (D)
  An iron imp (D)
  A giant cockroach zombie (D)
5 creatures vanquished.

Notes
Turn   | Place    | Note
-------+----------+-------------------------------------------
     0 | D        | Adamkad1 the Formicid Fighter began the quest for the Orb.
     0 | D        | Reached XP level 1. HP: 18/18 MP: 1/1
     0 | D        | Found a shimmering blue altar of Sif Muna.
     0 | D        | Found a bloodstained altar of Trog.
     0 | D        | Found a sacrificial altar of Ru.
     0 | D        | Found a stormy altar of Qazlal.
     0 | D        | Found an iron altar of Okawaru.
     1 | D        | Found a sparkling altar of Nemelex Xobeh.
     1 | D        | Found a blossoming altar of Fedhas.
     2 | D        | Found the +6 Majin-Bo {vamp, MP+6 Int+6}
     2 | D        | Found the +9 heavy crossbow "Sniper" {vorpal, Acc+∞ SInv}
     2 | D        | Found the +10 dark maul {vorpal}
     2 | D        | Found the +15 Maxwell's patent armour {-Cast -Tele rElec
                  | Will+ rCorr}
     2 | D        | Found the +18 shield of the Gong {rElec rN+ Will+ EV-5}
     2 | D        | Found the cursed +14 obsidian axe {vorpal, +Fly SInv
                  | *Curse}
     2 | D        | Found the +7 great mace "Firestarter" {inner flame, rF++}
     2 | D        | Found the +6 shillelagh "Devastator" {shatter}
     2 | D        | Found the +11 plutonium sword {*Contam Stlth-}
     2 | D        | Found the +8 lance "Wyrmbane" {slay drac, rPois rF+ rC+
                  | AC+3}
     2 | D        | Found the +9 sword of Zonguldrok {reap}
     2 | D        | Found the cursed +13 scythe of Curses {drain, *Curse}
     2 | D        | Found the +0 sword of Power
     2 | D        | Found the +7 mace of Variability {chain chaos}
     2 | D        | Found the +7 Singing Sword {vorpal, sonic wave}
     2 | D        | Found the +8 storm bow {elec, penet}
     3 | D        | Found a transporter.
     3 | D        | Found an ancient bone altar of Kikubaaqudgha.
     3 | D        | Found a viscous altar of Jiyva.
     3 | D        | Found a corrupted altar of Lugonu.
     3 | D        | Found a hazy altar of Hepliaklqana.
     3 | D        | Found a burning altar of Makhleb.
     3 | D        | Found an opulent altar of Gozag.
    77 | D        | Became a worshipper of the Wu Jian Council
    90 | D        | Reached skill level 9 in Shields
    90 | D        | Reached XP level 2. HP: 24/24 MP: 2/2
    95 | D        | Entered arena 2.
    95 | D        | Noticed a merfolk
    95 | D        | Noticed a merfolk
    95 | D        | Found a transporter.
    99 | D        | Killed a merfolk
   100 | D        | Reached skill level 5 in Fighting
   100 | D        | Reached skill level 5 in Armour
   100 | D        | Reached skill level 10 in Shields
   100 | D        | Reached XP level 3. HP: 11/33 MP: 3/3
   100 | D        | Reached XP level 4. HP: 13/39 MP: 4/4
   100 | D        | Reached XP level 5. HP: 15/44 MP: 5/5
   100 | D        | Reached XP level 6. HP: 17/51 MP: 6/6
   102 | D        | Killed a merfolk
   103 | D        | Reached skill level 11 in Shields
   103 | D        | Reached XP level 7. HP: 20/59 MP: 7/7
   405 | D        | Entered arena 3.
   405 | D        | Noticed a hell hound
   405 | D        | Found a transporter.
   412 | D        | Reached * piety under Wu Jian
   415 | D        | Killed a hell hound
   436 | D        | Entered arena 4.
   436 | D        | Noticed an air elemental
   436 | D        | Noticed a +2 flail of holy wrath
   436 | D        | Noticed a deep elf mage
   436 | D        | Found a transporter.
   437 | D        | Identified the cursed +1 dagger "Yci Bala" {vorpal, Dex+3}
   441 | D        | Noticed a redback
   443 | D        | Demolished by an earth elemental

Illustrated notes

Levels and vault maps discovered:
D:        sprint_v [room_start, room_1, room_2, room_3, room_4, room_5, room_6,
          room_7, room_8, room_9, room_10, room_11, room_12, room_13, room_14,
          room_15, room_16, room_17, room_18, room_19, room_20, room_21,
          room_22, room_23, room_24, room_25, room_26, room_27]

Skill      XL: |  1  2  3  4  5  6  7 |
---------------+----------------------+-----
Shields        | 9 10 11 | 11.5
Fighting       | 5 6 |  6.9
Long Blades    | 6 7 8 |  8.2
Armour         | 5 6 7 |  7.2
Dodging        | 3 4 |  4.9

Action                   |  1- 3 |  4- 6 |  7- 9 || total
-------------------------+-------+-------+-------++-------
Melee: Double sword      |     2 |     3 |    15 ||    20
Invok: Lunge             |     1 |       |       ||     1
  Use: Potion            |     1 |       |       ||     1
Armor: Gold dragon scale |     1 |       |     7 ||     8
Dodge: Dodged            |       |       |     1 ||     1
Block: Kite shield       |     4 |     2 |    35 ||    41

Table legend: (Time is in decaauts)
 A = Elapsed time spent in this place.
 B = Non-inter-level travel time spent in this place.
 C = Inter-level travel time spent in this place.
 D = Time resting spent in this place.
 E = Time spent auto-exploring this place.
 F = Levels seen in this place.
 G = Mean time per level.
                   A        B        C        D        E       F      G
               +--------+--------+--------+--------+--------+-----+--------+
         Total |    443 |    443 |      0 |    308 |      0 |   1 |  443.0 |
       Dungeon |    443 |    443 |      0 |    308 |      0 |   1 |  443.0 |
               +--------+--------+--------+--------+--------+-----+--------+

Top non-repeatable levels by time:
       D: 443 daAuts
